 Dungeon Crawl Stone Soup version 0.31-a0-931-g7b59d4eb97 (webtiles) character file.

Game seed: 17509623147466656981

51 Pixllover the Grave Robber (level 3, -1/26 HPs)
             Began as a Hill Orc Necromancer on Oct 19, 2023.
             Slain by an adder (3 damage)
             ... on level 2 of the Dungeon.
             The game lasted 00:05:57 (1826 turns).

Pixllover the Grave Robber (Hill Orc Necromancer)   Turns: 1826, Time: 00:05:58

Health: -1/26      AC:  2    Str: 10    XL:     3   Next: 83%
Magic:  0/6        EV: 12    Int: 17    God:
Gold:   60         SH:  0    Dex: 11    Spells: 5/6 levels left

rFire   . . .        (no weapon)
rCold   . . .        (no shield)
rNeg    + . .        a - +0 robe
rPois   .            (no helmet)
rElec   .            i - scarf {+Inv}
rCorr   .            (no gloves)
SInv    .            (no boots)
Will    .....        k - amulet of faith
Stlth   ++           l - ring of positive energy
HPRegen 0.24/turn    (no ring)
MPRegen 0.10/turn

%: faith
@: very slightly contaminated
A: no striking features
a: Evoke Invisibility


You were on level 2 of the Dungeon.
You visited 1 branch of the dungeon, and saw 2 of its levels.

You collected 60 gold pieces.

Inventory:

Armour
 a - a +0 robe (worn)
 i - a scarf of invisibility (worn)
Jewellery
 k - an amulet of faith (around neck)
 l - a ring of positive energy (left hand)
 o - a ring of fire
Scrolls
 c - a scroll of poison {unknown}
 e - a scroll of noise {unknown}
 f - 2 scrolls of immolation {unknown}
 j - a scroll of enchant armour {unknown}
 n - a scroll of revelation {unknown}
Potions
 b - a potion of magic
 d - a potion of invisibility {unknown}
 g - a potion of lignification {unknown}
 h - a potion of mutation {unknown}
 m - a potion of heal wounds {unknown}


   Skills:
 + Level 1.6 Dodging
 + Level 1.6 Stealth
 + Level 2.3 Spellcasting
 + Level 4.7 Necromancy


You had 5 spell levels left.
You knew the following spells:

 Your Spells              Type           Power      Damage    Failure   Level
a - Necrotise             Necr           72%        1d7       2%          1

Your spell library contained the following spells:

 Spells                   Type           Power      Damage    Failure   Level
 Vampiric Draining        Necr           18%        2d7       9%          3
 Animate Dead             Necr           18%        N/A       26%         4
 Agony                    Necr           18%        N/A       58%         5


Dungeon Overview and Level Annotations

Branches:
Dungeon (2/15)

Altars:

Shops:
D:1 ([*([


Message History

The adder bites you.
You are poisoned.
The adder poisons you! The hobgoblin barely misses you.
Casting: Necrotise (safe; 2% risk of failure)
Confirm with . or Enter, or press ? or * to list all spells.
Aiming: Necrotise (safe; 2% risk of failure)
Press: ? - help, Shift-Dir - straight line, f/p - adder
Aim: an adder (almost dead, chance to affect: 83%)
The adder barely resists.
You feel sick. The adder completely misses you.
An endoplasm comes into view.
The hobgoblin closely misses you.
Casting: Necrotise (safe; 2% risk of failure)
Confirm with . or Enter, or press ? or * to list all spells.
Aiming: Necrotise (safe; 2% risk of failure)
Press: ? - help, Shift-Dir - straight line, f/p - adder
Aim: an adder (almost dead, chance to affect: 83%)
The adder barely resists.
The endoplasm quivers.
You feel sick. The adder bites you but does no damage. The hobgoblin hits you.
The adder bites you.
You feel sick. The adder misses you.
Casting: Necrotise (safe; 2% risk of failure)
Confirm with . or Enter, or press ? or * to list all spells.
Aiming: Necrotise (safe; 2% risk of failure)
Press: ? - help, Shift-Dir - straight line, f - hobgoblin, p - adder
Aim: a hobgoblin (chance to affect: 88%)
You miscast Necrotise.
You are very lightly contaminated with residual magic.
Nothing appears to happen.
You feel sick. The adder barely misses you. The hobgoblin hits you.
* * * LOW HITPOINT WARNING * * *
Casting: Necrotise (safe; 2% risk of failure)
Confirm with . or Enter, or press ? or * to list all spells.
Aiming: Necrotise (safe; 2% risk of failure)
Press: ? - help, Shift-Dir - straight line, f/p - hobgoblin
Aim: a hobgoblin (chance to affect: 88%)
The hobgoblin writhes in agony.
You feel sick.
You are no longer poisoned.
The adder bites you.
You die...

........##.#######..####.####.#
##########.......#...###.####.#
########.#.#..##....... ##.#
#.#.#......###.# ...#
#.#.#........... #..#
#.#.#.#.##.##..# #..#
#.#.#......)._##
#..##...Z<.....##.#
#.@###.###..###..##
##Sg##.............
##J.##.####.##..## #...#Z#
#....... #...#...# ####>...
#..###..# ####. #..# #### #.
#..# ## #g.#


You could see an adder, an endoplasm and a hobgoblin.

Vanquished Creatures
  An adder (D:2)
  A dart slug (D:2)
  2 endoplasms
  4 goblins
  2 hobgoblins
  A jackal (D:1)
  2 ball pythons
  5 bats
  3 frilled lizards
  5 kobolds
  3 rats
29 creatures vanquished.

Vanquished Creatures (collateral kills)
  An adder (D:2)
  A kobold (D:2)
2 creatures vanquished.

Grand Total: 31 creatures vanquished

Notes
Turn   | Place    | Note
-------+----------+-------------------------------------------
     0 | D:1      | Pixllover the Hill Orc Necromancer began the quest for the
                  | Orb.
     0 | D:1      | Reached XP level 1. HP: 14/14 MP: 3/3
   231 | D:1      | Found Ijugeump's Antique Armour Shoppe.
   257 | D:1      | Found Mydos's Antique Weapon Shop.
   295 | D:1      | Reached XP level 2. HP: 11/20 MP: 0/4
   433 | D:1      | Found Bulienacw's General Store.
   839 | D:1      | Found Exaiclir's Armour Shoppe.
  1015 | D:1      | Found Nituhis's Antique Weapon Shop.
  1122 | D:2      | Reached XP level 3. HP: 26/26 MP: 0/6
  1486 | D:2      | Found a faded altar of an unknown god.
  1826 | D:2      | Slain by an adder

Illustrated notes

Levels and vault maps discovered:
D:1:      dpeg_arrival_line_fractal, layout_basic, serial_shops, shop,
          nicolae_shop_back_alley_shop, shop, shop, shop, minmay_pentomino_z4
D:2:      minmay_alternating_diamond, layout_basic, basic_ecumenical_altar,
          minmay_stone_trees_small

Skill      XL: |  1  2 |
---------------+-------+-----
Spellcasting   | 2 |  2.3
Dodging        | |  1.6
Stealth        | |  1.6
Necromancy     | |  4.7

Action                     || total
---------------------------++-------
  Melee: Unarmed           ||    33
   Cast: Necrotise         ||    71
 Armour: Robe              ||    47
  Dodge: Dodged            ||    54

Table legend: (Time is in decaauts)
 A = Elapsed time spent in this place.
 B = Non-inter-level travel time spent in this place.
 C = Inter-level travel time spent in this place.
 D = Time resting spent in this place.
 E = Time spent auto-exploring this place.
 F = Levels seen in this place.
 G = Mean time per level.
                   A        B        C        D        E       F      G
               +--------+--------+--------+--------+--------+-----+--------+
         Total |   1825 |   1810 |     15 |    225 |   1039 |   2 |  912.5 |
       Dungeon |   1825 |   1810 |     15 |    225 |   1039 |   2 |  912.5 |
               +--------+--------+--------+--------+--------+-----+--------+

Top non-repeatable levels by time:
     D:1: 1040 daAuts
     D:2: 785 daAuts
